 Dungeon Crawl Stone Soup version 0.28-a0-2-g643f2454ad (webtiles) character file.

Game seed: 5236564134919210714

183275 Spaninq the Eclecticist (level 18, -2/129 HPs)
             Began as a Djinni Fire Elementalist on July 22, 2021.
             Was a High Priest of Ashenzari.
             Slain by a bog body (39 damage)
             ... on level 1 of the Swamp.
             The game lasted 03:17:46 (35073 turns).

Spaninq the Eclecticist (Djinni Fire Elementalist) Turns: 35073, Time: 03:17:49

Health: -2/129     AC: 22    Str:  7    XL:     18   Next: 62%
Gold:   1496       EV: 17    Int: 31    God:    Ashenzari [*****.] SH: 13 Dex: 15

rFire   + + .      SeeInvis +   x - +3 dagger of the Gnostic Pleiades {venom, Fort, Self} (curse)
rCold   x . .      Faith    .   G - +0 kite shield of the Visionary Stars {Evo, Self} (curse)
rNeg    . . .      Spirit   .   z - +0 troll leather armour of Star-Bound Wisdom {Regen+, Self, Range} (curse)
rPois   ∞          Reflect  .   Z - +2 helmet {Int+3}
rElec   .          Harm     .   p - +2 cloak "Pantheism of Ashenzari" {Self, Evo} (curse)
rCorr   .          Rampage  +   h - +2 pair of gloves of Ashenzari's Soothsayer {Fort, Self} (curse)
Will    ++...      Clarity  +   (boots unavailable)
Stlth   ++........              N - amulet "Tethered Omen" {Rampage +Blink Regen+ Int+4, Fort, Self} (curse)
HPRegen 2.31/turn               e - ring of Ashenzari's Discomfort {Will+, Self, Melee} (curse)
MPRegen 0.00/turn               g - ring "Prophetic Visionary" {AC+4, Melee, Fort} (curse)

@: flying
A: sickness immunity, fire resistance 2, cold vulnerability 1, float, innate
caster, hp casting, extra vitality 1
}: 1/15 runes: serpentine
a: Renounce Religion, Evoke Blink, Shatter the Chains


You were on level 1 of the Swamp.
You worshipped Ashenzari.
Ashenzari was extremely pleased with you.
You visited 5 branches of the dungeon, and saw 26 of its levels.

You collected 2999 gold pieces.
You spent 1503 gold pieces at shops.

Inventory:

Hand Weapons
 d - a +1 dagger of electrocution
 x - the cursed +3 dagger of the Gnostic Pleiades (weapon) {venom, Fort, Self}
   (You took it off an orc on level 7 of the Dungeon)

   It poisons the flesh of those it strikes.
   It has a curse which improves the following skills: Fortitude: Armour and
   Shields.
   Introspection: Fighting and Spellcasting.
 F - a +2 scimitar of flaming
 S - a +0 demon whip
Missiles
 f - 480 stones
Armour
 h - the cursed +2 pair of gloves of Ashenzari's Soothsayer (worn) {Fort, Self}
   (You found it on level 3 of the Lair of Beasts)

   It has a curse which improves the following skills: Fortitude: Armour and
   Shields.
   Introspection: Fighting and Spellcasting.
 p - the cursed +2 cloak "Pantheism of Ashenzari" (worn) {Self, Evo}
   (You found it on level 5 of the Dungeon)

   It has a curse which improves the following skills: Introspection: Fighting
   and Spellcasting.
   Evocations: Evocations.
 z - the cursed +0 troll leather armour of Star-Bound Wisdom (worn) {Regen+, Self, Range}
   (You found it on level 11 of the Dungeon)

   Regen:     It increases your rate of health regeneration.
   It has a curse which improves the following skills: Introspection: Fighting
   and Spellcasting.
   Ranged Combat: Slings, Bows, Crossbows and Throwing.
 A - +0 ice dragon scales
 G - the cursed +0 kite shield of the Visionary Stars (worn) {Evo, Self}
   (You found it on level 11 of the Dungeon)

   It has a curse which improves the following skills: Evocations: Evocations.
   Introspection: Fighting and Spellcasting.
 J - a +0 chain mail
 R - a +2 hat of stealth
 V - a +2 kite shield
 Z - a +2 helmet of intelligence (worn)
Jewellery
 a - a ring of protection from cold
 e - the cursed ring of Ashenzari's Discomfort (left hand) {Will+, Self, Melee}
   (You found it on level 1 of the Dungeon)

   [ring of willpower]

   Will:      It increases your willpower.
   It has a curse which improves the following skills: Introspection: Fighting
   and Spellcasting.
   Melee Combat: Short Blades, Long Blades, Axes, Maces & Flails, Polearms,
   Staves and Unarmed Combat.
 g - the cursed ring "Prophetic Visionary" (right hand) {AC+4, Melee, Fort}
   (You found it on level 1 of the Dungeon)

   [ring of protection]

   AC:        It affects your AC (+4).
   It has a curse which improves the following skills: Melee Combat: Short
   Blades, Long Blades, Axes, Maces & Flails, Polearms, Staves and Unarmed
   Combat.
   Fortitude: Armour and Shields.
 C - the amulet of Pride {Rampage Regen+ Stlth+}
   (You found it on level 2 of the Orcish Mines)

   [amulet of regeneration]

   Regen:     It increases your rate of health regeneration.
   Rampage:   It bestows one free step when moving towards enemies.
   Stlth:     It makes you more stealthy.
 I - a ring of protection from fire
 N - the cursed amulet "Tethered Omen" (around neck) {Rampage +Blink Regen+ Int+4, Fort, Self}
   (You acquired it on level 5 of the Lair of Beasts)

   [amulet of regeneration]

   Int:       It affects your intelligence (+4).
   +Blink:    It lets you blink.
   Regen:     It increases your rate of health regeneration.
   Rampage:   It bestows one free step when moving towards enemies.
   It has a curse which improves the following skills: Fortitude: Armour and
   Shields.
   Introspection: Fighting and Spellcasting.
 Q - a ring of willpower
 W - a ring of ice
 X - a +6 ring of intelligence
 Y - a ring of ice
Wands
 m - a wand of digging (5)
 v - a wand of flame (75)
 B - a wand of paralysis (24)
 H - a wand of acid (10)
 K - a wand of polymorph (13)
 T - a wand of iceblast (11)
 U - a wand of mindburst (11)
Scrolls
 b - a scroll of brand weapon
 j - 4 scrolls of blinking
 k - 6 scrolls of enchant weapon
 o - 17 scrolls of teleportation
 q - 4 scrolls of fear
 r - 10 scrolls of magic mapping
 t - 2 scrolls of silence
 y - 3 scrolls of fog
 M - 4 scrolls of enchant armour
 P - 4 scrolls of holy word
Potions
 c - 3 potions of heal wounds
 i - 2 potions of haste
 l - 10 potions of curing
 n - 3 potions of cancellation
 s - a potion of might
 u - 2 potions of brilliance
 w - 3 potions of invisibility
 D - a potion of ambrosia
 E - a potion of resistance
 L - 4 potions of mutation
Miscellaneous
 O - a phial of floods


   Skills:
 - Level 3.9(11.7) Fighting
 - Level 5.9(10.0) Short Blades
 * Level 6.8(10.8) Maces & Flails
 + Level 10.6(16.6) Armour
 + Level 11.7 Dodging
 - Level 1.5 Stealth
 - Level 10.0(16.0) Shields
 * Level 18.0(26.0) Spellcasting


You had 22 spell levels left.
You knew the following spells:

 Your Spells              Type           Power      Damage    Failure   Level
a - Foxfire               Conj/Fire      100%       2x1d9     0%          1
b - Conjure Flame         Conj/Fire      100%       6-21      0%          3
c - Inner Flame           Hex/Fire       100%       N/A       0%          3
d - Sticky Flame          Conj/Fire      100%       2d11      0%          4
e - Fireball              Conj/Fire      58%        3d22      0%          5
f - Sandblast             Erth           100%       2d20      0%          1
g - Ensorcelled Hibernat  Hex/Ice        100%       N/A       0%          2
h - Passwall              Tmut/Erth      96%        N/A       0%          2
i - Airstrike             Air            58%        N/A       0%          4
j - Metabolic Englaciati  Hex/Ice        58%        N/A       0%          5
k - Summon Mana Viper     Hex/Summ       100%       N/A       0%          5
l - Starburst             Conj/Fire      58%        8x6d15    0%          6
m - Death Channel         Necr           58%        N/A       0%          6
Your spell library was empty.

Dungeon Overview and Level Annotations

Branches:
Dungeon (14/15)            Temple (0/1) D:5            Lair (5/6) D:8
  Swamp (1/4) Lair:4        Snake (4/4) Lair:2        Slime (0/5) Lair:5
    Orc (2/2) D:9             Elf (0/3) Orc:2        Vaults (0/5) D:13

Altars:
Ashenzari
Cheibriados
Elyvilon
Kikubaaqudgha
Makhleb
Qazlal
Ru
Trog
Uskayaw
Vehumet
Zin
The Shining One
Lugonu

Shops:
D:4 *   D:6 =   Orc:1 *   Orc:2 :[**   Snake:2 ([**   Snake:4 *[?[?*

Portals:
Pandemonium: Orc:2

Annotations:
D:8 2 transporters
D:12 2 transporters
Lair:5 1 runed translucent door


Innate Abilities, Weirdness & Mutations

You are immune to sickness and miasma.
You are immune to poison.
Your flesh is very heat resistant. (rF++)
You are vulnerable to cold. (rC-)
You float through the air rather than walking.
You learn spells naturally, not from books.
Your magical power is your life essence.
You have superior vitality. (+4 HP)


Message History

Casting: Starburst (safe; 0% risk of failure)
Confirm with . or Enter, or press ? or * to list all spells.
Casting: Starburst (safe; 0% risk of failure)
Press: ? - help, Dir - look around, f - activate The bolt of fire misses the swamp worm.
The bolt of fire hits the swamp worm!!!
You kill the swamp worm!
The plant is engulfed in a cloud of scalding steam.
The plant begins to die.
The swamp worm is engulfed in a cloud of scalding steam.
You kill the swamp worm!
A swamp worm comes into view.
The goliath frog moves out of view.
The spriggan druid shouts!
Something bites the plant.
The swamp worm fires a harpoon shot at you.
The harpoon shot hits you but does no damage.
A nearby plant withers and dies.
The bog body gestures at you while chanting.
The bolt of cold hits you!!!
You feel a terrible chill!
The swamp worm bites the plant!
A nearby plant withers and dies.
The bunyip is engulfed in a cloud of scalding steam.
The thorn hunter is engulfed in a cloud of scalding steam.
The spriggan druid is engulfed in a cloud of scalding steam.
The spriggan druid calls out to the beasts of the wild!
The bunyip howls a warning cry!
You hear a shout!
A swamp worm comes into view.
The bog body points at you and mumbles some strange words.
The bolt of cold misses you.
The swamp worm fires a harpoon shot at you.
The harpoon shot misses you.
There is a staircase back to the Lair here.
You block the swamp worm's attack.
The thorn hunter fires a volley of thorns at you.
The volley of thorns hits you but does no damage.
The bog body touches you!
* * * LOW HITPOINT WARNING * * *
The bog body freezes you!!!
You feel a terrible chill!
You die...

≈ * ♣♣♣>...≈≈.≈..≈≈≈.♣ *
≈, , , .≈...≈≈...§§.≈≈≈§.♣
, , ≈ ≈
,,..[..≈≈≈≈..≈..≈≈.§♣≈,≈*≈
*, ,
...≈.≈≈≈≈≈§≈§.≈§..§≈,, * ,
, ≈≈≈≈≈≈≈f≈≈...≈≈≈≈≈.. **
, ,, ≈≈§≈§§≈≈§°i.≈≈≈.≈x.x*
*
,,,,*...≈≈≈≈≈°≈≈≈†≈≈§..≈♣
,≈≈.≈.≈§≈[.x≈≈≈≈≈≈§≈♣ ≈ ,*
♣≈...≈.@w≈≈≈###≈≈≈≈♣ ,
♣≈.≈§≈n°w≈###?## §≈≈ ,,,,
F.(≈≈≈.≈w≈#≈{≈w( * ≈ ≈ ,,
≈ ≈≈≈≈≈≈..≈≈www ≈ ≈ ≈≈ ,
≈≈≈≈≈§...≈≈≈#:≈ ≈≈ *≈ * ,
≈ ≈§...≈§≈≈≈###≈# * ≈ * ≈
≈ ≈....≈≈.≈≈≈ # ≈ * ≈ ,
≈.$....≈..≈≈≈{≈ ≈ , , ,
≈≈, , **≈ ,≈ ≈ * ≈ ≈


You could see a thorn hunter, a bunyip, 2 tyrant leeches, a spriggan druid, a
goliath frog, a bog body and 4 swamp worms.

Vanquished Creatures
  Gastronok (Orc:1)
  A fenstrider witch (Swamp:1)
  3 orc warlords
  3 nagarajas
  Louise (Snake:3)
  Nessos (D:12)
  Azrael (Orc:2)
  An ice dragon (D:13)
  16 naga warriors
  Fannar (Orc:1)
  A salamander tyrant (Snake:2)
  Erolcha (D:10)
  8 hydras
  2 boulder beetles
  A catoblepas (Lair:4)
  5 centaur warriors
  A death knight (D:13)
  Erica (D:11)
  15 anacondas
  2 two-headed ogres
  11 naga sharpshooters
  A tengu warrior (D:13)
  7 orc high priests (Orc:2)
  Sonja (D:11)
  6 shock serpents
  Nergalle (D:11)
  A gelid demonspawn (Orc:2)
  A salamander mystic (Snake:3)
  2 infernal demonspawn (Orc:2)
  9 naga ritualists
  A phantasmal warrior (D:13)
  2 wizards
  2 lindwurms (Lair:5)
  7 orc knights
  16 mana vipers
  A deep elf pyromancer (D:13)
  3 cyclopes
  7 orc sorcerers
  An ugly thing (D:12)
  21 salamanders
  3 manticores
  31 black mambas
  14 naga magi
  6 guardian serpents
  2 orange demons (Orc:2)
  10 cane toads
  A gargoyle (D:12)
  A hellwing (Orc:2)
  3 komodo dragons
  An efreet (D:13)
  A freezing wraith (D:13)
  A queen bee (D:13)
  8 trolls
  A jumping spider (shapeshifter) (D:13)
  A hornet (D:9)
  2 polar bears
  3 meliai (D:13)
  3 blink frogs (Lair:5)
  Grinder (D:5)
  A blink frog (shapeshifter) (D:13)
  8 slime creatures
  A shadow (D:10)
  36 yaks
  Sigmund (D:3)
  5 wraiths
  A wyvern (shapeshifter) (D:13)
  2 water elementals (D:11)
  3 wyverns
  A neqoxec (Orc:2)
  2 fire elementals
  A human (shapeshifter) (D:14)
  20 vampire mosquitoes
  3 steam dragons
  4 basilisks
  2 wargs (Orc:2)
  2 swamp worms (Swamp:1)
  51 nagas
  An acid dragon (D:13)
  5 hell hounds
  20 water moccasins
  34 orc warriors
  A sky beast (D:7)
  The ghost of DocClef the Covert, an amateur GnDe (D:7)
  2 black bears
  3 necrophages
  5 ogres
  10 wolves
  A phantom (D:5)
  17 centaurs
  A kobold brigand (D:9)
  3 scorpions
  Blork the orc (D:4)
  13 bullfrogs
  11 killer bees (D:13)
  4 electric eels
  2 bullfrog skeletons (D:4)
  A jelly (D:6)
  Crazy Yiuf (D:2)
  3 hounds
  3 centaur zombies
  33 orc priests
  A gnoll shaman (D:7)
  A centaur skeleton (D:4)
  An iron imp (D:4)
  Natasha (thrice) (D:4)
  An iguana (D:7)
  23 orc wizards
  Terence (D:3)
  4 killer bee zombies
  A howler monkey zombie (D:5)
  Robin (D:2)
  A howler monkey skeleton (D:7)
  8 adders
  A shadow imp (D:7)
  3 white imps
  An ufetubus (D:6)
  3 dart slugs (D:4)
  93 orcs
  9 endoplasms
  5 giant cockroaches
  14 goblins
  13 hobgoblins
  5 jackals
  2 quokkas
  7 ball pythons
  2 bats (D:2)
  5 frilled lizards
  13 kobolds
  7 rats
809 creatures vanquished.

Vanquished Creatures (collateral kills)
  5 nagarajas
  11 naga warriors
  2 anacondas (Snake:4)
  A naga sharpshooter (Snake:4)
  A salamander mystic (Snake:3)
  4 salamanders
  5 black mambas
  2 guardian serpents (Snake:4)
  6 naga magi
  4 nagas (Snake:3)
  A foxfire (Lair:1)
42 creatures vanquished.

Vanquished Creatures (others)
  A black mamba (Snake:3)
  A human (D:6)
  2 orc wizards (D:5)
  A giant cockroach (D:3)
  A goblin (D:3)
  1232 foxfires
  34 fungi
  89 plants
1361 creatures vanquished.

Grand Total: 2212 creatures vanquished

Notes
Turn   | Place    | Note
-------+----------+-------------------------------------------
     0 | D:1      | Spaninq the Djinni Fire Elementalist began the quest for
                  | the Orb.
     0 | D:1      | Reached XP level 1. HP: 15/15 MP: 0/0
   204 | D:1      | Reached XP level 2. HP: 15/21 MP: 0/0
   461 | D:1      | Reached skill level 3 in Spellcasting
   932 | D:1      | Reached XP level 3. HP: 20/25 MP: 0/0
   932 | D:1      | Learned a level 1 spell: Sandblast
  1445 | D:2      | Noticed Robin
  1605 | D:1      | Reached XP level 4. HP: 30/31 MP: 0/0
  1929 | D:2      | Killed Robin
  2042 | D:2      | Reached skill level 4 in Spellcasting
  2122 | D:2      | Reached XP level 5. HP: 32/35 MP: 0/0
  2122 | D:2      | Learned a level 2 spell: Ensorcelled Hibernation
  2331 | D:2      | Found a faded altar of an unknown god.
  2763 | D:2      | Found a runed translucent door.
  2764 | D:2      | Noticed Crazy Yiuf
  3353 | D:3      | Noticed Sigmund
  4114 | D:3      | Reached XP level 6. HP: 32/40 MP: 0/0
  4313 | D:3      | Reached skill level 5 in Spellcasting
  4436 | D:3      | Noticed Terence
  4454 | D:3      | Killed Terence
  4957 | D:4      | Found a burning altar of Makhleb.
  4957 | D:4      | Noticed Natasha
  5109 | D:4      | Found Sughoez's General Store.
  5157 | D:4      | Noticed a water moccasin
  5163 | D:4      | Killed a water moccasin
  5164 | D:4      | Reached XP level 7. HP: 40/45 MP: 0/0
  5164 | D:4      | Learned a level 2 spell: Passwall
  5292 | D:4      | Found a sacrificial altar of Ru.
  5300 | D:4      | Reached skill level 6 in Spellcasting
  5399 | D:4      | Noticed Blork the orc
  5405 | D:4      | Killed Blork the orc
  5413 | D:4      | Killed Natasha
  5565 | D:4      | Reached XP level 8. HP: 36/50 MP: 0/0
  5772 | D:4      | Found a broken altar of Ashenzari.
  5781 | D:4      | Became a worshipper of Ashenzari the Shackled
  5858 | D:4      | Noticed Natasha
  5861 | D:4      | Killed Natasha
  5862 | D:4      | Reached skill level 7 in Spellcasting
  5969 | D:4      | Found a snail-covered altar of Cheibriados.
  6030 | D:5      | Entered Level 5 of the Dungeon
  6331 | D:5      | Found a stormy altar of Qazlal.
  6365 | D:5      | Noticed Grinder
  6634 | D:5      | Killed Grinder
  6635 | D:5      | Reached skill level 8 in Spellcasting
  6754 | D:5      | Reached XP level 9. HP: 50/55 MP: 0/0
  6754 | D:5      | Learned a level 4 spell: Airstrike
  7224 | D:5      | Found a staircase to the Ecumenical Temple.
  7246 | D:5      | Reached skill level 9 in Spellcasting
  8467 | D:6      | Found Hyteed's Jewellery Boutique.
  8823 | D:4      | Noticed Natasha
  8828 | D:4      | Killed Natasha
  8974 | D:2      | Killed Crazy Yiuf
  9092 | D:3      | Killed Sigmund
  9173 | D:7      | Found a runed translucent door.
  9173 | D:7      | Noticed DocClef's ghost (amateur GnDe)
  9202 | D:7      | Reached skill level 10 in Spellcasting
  9374 | D:7      | Found a glowing silver altar of Zin.
  9642 | D:7      | Reached XP level 10. HP: 57/60 MP: 0/0
 10455 | D:7      | Killed DocClef's ghost
 11243 | D:8      | Found a transporter.
 11244 | D:8      | Noticed a brown ugly thing
 11256 | D:8      | Reached * piety under Ashenzari
 11258 | D:8      | Found a staircase to the Lair.
 11553 | D:8      | Found a corrupted altar of Lugonu.
 11553 | D:8      | Noticed a white ugly thing
 11554 | D:8      | Noticed a red ugly thing
 11568 | D:8      | Found a bloodstained altar of Trog.
 11569 | D:8      | Identified Kydogayl's Grimoire of Retrieval
 11659 | D:8      | Found a transporter.
 11805 | D:9      | Reached skill level 11 in Spellcasting
 11809 | D:9      | Found a staircase to the Orcish Mines.
 11813 | D:9      | Reached ** piety under Ashenzari
 11846 | D:9      | Reached skill level 1 in Fighting
 11891 | D:9      | Reached skill level 1 in Armour
 12072 | D:9      | Found a glowing golden altar of the Shining One.
 12269 | D:9      | Found a white marble altar of Elyvilon.
 12388 | D:9      | Reached *** piety under Ashenzari
 12547 | D:10     | Entered Level 10 of the Dungeon
 12568 | D:10     | Noticed Erolcha
 12575 | D:10     | Killed Erolcha
 13289 | D:10     | Reached XP level 11. HP: 57/76 MP: 0/0
 13289 | D:10     | Learned a level 5 spell: Metabolic Englaciation
 13643 | D:10     | Found a hide-covered altar of Uskayaw.
 14011 | D:11     | Noticed Sonja
 14018 | D:11     | Killed Sonja
 14167 | D:11     | Noticed a manticore
 14172 | D:11     | Killed a manticore
 14343 | D:11     | Noticed Erica
 14348 | D:11     | Killed Erica
 14349 | D:11     | Reached skill level 12 in Spellcasting
 14975 | D:11     | Noticed a six-headed hydra
 15297 | D:11     | Noticed Nergalle
 15311 | D:11     | Killed Nergalle
 15312 | D:11     | Reached skill level 1 in Shields
 16445 | D:11     | Killed a one-headed hydra
 16631 | Lair:1   | Entered Level 1 of the Lair of Beasts
 17233 | Lair:1   | Reached XP level 12. HP: 76/85 MP: 0/0
 17883 | Lair:1   | Reached **** piety under Ashenzari
 18270 | Lair:2   | Noticed a five-headed hydra
 19434 | Lair:1   | Reached skill level 13 in Spellcasting
 20526 | Lair:2   | Reached ***** piety under Ashenzari
 20633 | Lair:1   | Reached skill level 1 in Short Blades
 20732 | Lair:2   | Killed a one-headed hydra
 20781 | Lair:2   | Noticed a four-headed hydra
 20917 | Lair:2   | Killed a one-headed hydra
 21090 | Lair:2   | Found a staircase to the Snake Pit.
 21133 | Lair:2   | Reached skill level 5 in Shields
 22918 | Lair:3   | Reached XP level 13. HP: 84/97 MP: 0/0
 22918 | Lair:3   | Learned a level 5 spell: Summon Mana Viper
 23369 | Lair:4   | Noticed a catoblepas
 23377 | Lair:4   | Killed a catoblepas
 23540 | Lair:4   | Found a staircase to the Swamp.
 23590 | Lair:4   | Noticed a five-headed hydra
 23613 | Lair:4   | Killed a one-headed hydra
 23790 | Lair:4   | Reached skill level 14 in Spellcasting
 23974 | Lair:4   | Found a broken altar of Ashenzari.
 24168 | Lair:5   | Noticed a boulder beetle
 24307 | Lair:5   | Noticed a seven-headed hydra
 24351 | Lair:4   | Killed a boulder beetle
 24393 | Lair:4   | Killed a one-headed hydra
 24687 | Lair:5   | Noticed a five-headed hydra
 24722 | Lair:4   | Killed a one-headed hydra
 24777 | Lair:5   | Identified a scroll of acquirement
 24786 | Lair:5   | Acquired the amulet "Nidwoiroc" {Rampage +Blink Regen+
                  | Int+4}
 25039 | Lair:5   | Found a runed translucent door.
 25045 | Lair:5   | Noticed a five-headed hydra
 25117 | Lair:5   | Found a staircase to the Slime Pits.
 25502 | Orc:1    | Entered Level 1 of the Orcish Mines
 25519 | Orc:1    | Noticed Fannar
 25759 | Orc:1    | Killed Fannar
 25760 | Orc:1    | Reached XP level 14. HP: 91/103 MP: 0/0
 25837 | Orc:2    | Entered Level 2 of the Orcish Mines
 26010 | Orc:2    | Noticed an orc warlord
 26018 | Orc:2    | Killed an orc warlord
 26020 | Orc:2    | Noticed an orc warlord
 26305 | Orc:1    | Killed an orc warlord
 26306 | Orc:1    | Reached skill level 15 in Spellcasting
 26463 | Orc:2    | Identified the amulet of Pride {Rampage Regen+ Stlth+}
 26871 | Orc:2    | Found a staircase to the Elven Halls.
 26892 | Orc:2    | Found Ulepe's General Store.
 26927 | Orc:1    | Found Menut's Assorted Antiques.
 26943 | Orc:1    | Bought a scroll labelled AXEOVAITSA for 30 gold pieces
 26943 | Orc:1    | Bought a scroll labelled SIHYIL CAYTU for 30 gold pieces
 26970 | Orc:1    | Noticed Gastronok
 27005 | Orc:1    | Killed Gastronok
 27061 | Orc:1    | Noticed an orc warlord
 27084 | Orc:1    | Killed an orc warlord
 27282 | Orc:2    | Reached skill level 5 in Dodging
 27341 | Orc:2    | Noticed Azrael
 27349 | Orc:2    | Killed Azrael
 27541 | Orc:2    | Found Paosu's General Store.
 27552 | Orc:2    | Bought a scroll of teleportation for 39 gold pieces
 27554 | Orc:2    | Bought a potion of curing for 36 gold pieces
 27554 | Orc:2    | Bought a potion of curing for 36 gold pieces
 27568 | Orc:2    | Found Gang's Antique Armour Shoppe.
 27623 | Orc:2    | Reached skill level 10 in Shields
 27661 | Orc:2    | Reached XP level 15. HP: 88/110 MP: 0/0
 27661 | Orc:2    | Learned a level 6 spell: Starburst
 27973 | Orc:2    | Reached skill level 5 in Armour
 28017 | Orc:2    | Found a one-way gate leading to the halls of Pandemonium.
 28056 | Orc:2    | Found Werel's Book Emporium.
 28494 | D:12     | Reached skill level 1 in Maces & Flails
 28618 | D:12     | Noticed Nessos
 28622 | D:12     | Killed Nessos
 28623 | D:12     | Reached skill level 16 in Spellcasting
 28754 | D:12     | Found a transporter.
 28754 | D:12     | Found a transporter.
 29459 | D:13     | Identified the +0 robe of Noon {Regen+}
 29515 | D:13     | Found a gate to the Vaults.
 29664 | D:13     | Reached ****** piety under Ashenzari
 30107 | D:14     | Reached XP level 16. HP: 109/120 MP: 0/0
 30576 | Snake:1  | Entered Level 1 of the Snake Pit
 31899 | Snake:2  | Reached skill level 5 in Maces & Flails
 32028 | Snake:2  | Found Hefi's Antique Weapon Shop.
 32029 | Snake:2  | Found Onnomoha's Assorted Antiques.
 32029 | Snake:2  | Found Ciwn's Armour Shop.
 32034 | Snake:2  | Found Gineum's General Store.
 32037 | Snake:2  | Bought a potion of curing for 87 gold pieces
 32218 | Snake:2  | Reached skill level 17 in Spellcasting
 32240 | Snake:2  | Reached XP level 17. HP: 100/125 MP: 0/0
 32240 | Snake:2  | Learned a level 6 spell: Death Channel
 32867 | Snake:3  | Reached skill level 10 in Dodging
 33293 | Snake:3  | Noticed Louise
 33307 | Snake:3  | Killed Louise
 33870 | Snake:3  | Reached skill level 10 in Armour
 33905 | Snake:4  | Entered Level 4 of the Snake Pit
 33905 | Snake:4  | Identified the +3 chain mail "Qepru" {rF+ rCorr}
 33909 | Snake:4  | Reached XP level 18. HP: 125/130 MP: 0/0
 34073 | Snake:4  | Found Laxzid's Armour Emporium.
 34141 | Snake:4  | Found Niammusm's General Store.
 34155 | Snake:4  | Found Ynutwaq's Magic Scroll Emporium.
 34160 | Snake:4  | Bought a scroll of teleportation for 39 gold pieces
 34160 | Snake:4  | Bought a scroll of enchant armour for 97 gold pieces
 34195 | Snake:4  | Found Lobrail's Armour Shoppe.
 34200 | Snake:4  | Bought a +1 helmet of intelligence for 330 gold pieces
 34211 | Snake:4  | Reached skill level 5 in Short Blades
 34332 | Snake:4  | Found Aforahaf's Magic Scroll Boutique.
 34338 | Snake:4  | Bought a scroll of enchant weapon for 105 gold pieces
 34338 | Snake:4  | Bought a scroll of teleportation for 42 gold pieces
 34338 | Snake:4  | Bought a scroll of enchant armour for 105 gold pieces
 34338 | Snake:4  | Bought a scroll of teleportation for 42 gold pieces
 34360 | Snake:4  | Found Viuggukhu's CLEARANCE SALE! EVERYTHING MUST GO!.
 34367 | Snake:4  | Bought a scroll of teleportation for 18 gold pieces
 34367 | Snake:4  | Bought a scroll of teleportation for 18 gold pieces
 34426 | Snake:4  | Bought a scroll of enchant armour for 112 gold pieces
 34426 | Snake:4  | Bought 3 scrolls of enchant weapon for 337 gold pieces
 34797 | Snake:4  | Reached skill level 18 in Spellcasting
 34838 | Snake:4  | Got a serpentine rune of Zot
 35063 | Swamp:1  | Entered Level 1 of the Swamp
 35073 | Swamp:1  | Slain by a bog body

Illustrated notes

Levels and vault maps discovered:
D:1:      wheals_arrival_shading, layout_basic
D:2:      layout_basic, hellmonk_ecumenical_altar_blasted, grunt_ministairs_15,
          roderic_serpentine_path, chequers_serial_rivers_micro_b,
          minmay_misc_feat_roman, uniq_crazy_yiuf_cottage, uniq_robin
D:3:      layout_loops_ring, fiery_altar_vehumet, uniq_sigmund, uniq_terence
D:4:      cheibrodos_pilgrimage, layout_cave_pools, slow_altar_2,
          mainiacjoe_overflow_small_starburst, lemuel_round_altar,
          overflow_temple_1_default, serial_shops, kennysheep_little_box,
          nrook_mini_backslash, minmay_cupped, uniq_blork_the_orc, uniq_natasha
D:5:      layout_loops_corners, nicolae_qazlal_scattered_showers,
          minmay_temple_entry_mist, uniq_grinder
D:6:      layout_loops_ring, tgw_kikubaaqudgha, serial_shops, shop_fountains
D:7:      layout_basic, lemuel_coloured_pillars_altar, gammafunk_ghost_grave,
          minmay_fractal_squares_diagonal_5
D:8:      gammafunk_corrupted_shrine, layout_loops_corners, trog_book,
          dpeg_oklobed_lair
D:9:      layout_cave_pools, amcnicky_altar_gilded, elyvilon_altar_3,
          orc_0_dummy
D:10:     layout_small_grid, mainiacjoe_overflow_alcove_2, uniq_erolcha
D:11:     layout_basic, uniq_nergalle, uniq_erica, uniq_sonja
D:12:     gammafunk_boulding_lane, layout_rooms, nrook_guardian_serpent_double,
          uniq_nessos
D:13:     layout_stronghold, david_vaults_4, nicolae_looking_at_the_future
D:14:     layout_irregular_city
Lair:1:   layout_regular_city, lemuel_fruit_tree
Lair:2:   layout_gridlike, minmay_snake_entry_six_corridors,
          chequers_serial_rivers_micro_b
Lair:3:   layout_cave_pods, grunt_forest_stairs_basic
Lair:4:   layout_loops_ring, minmay_swamp_entry_swarm, basic_altar
Lair:5:   layout_roguey, dpeg_slime_entry_corner, pf_torpor_hydra,
          grunt_megastairs_3, serial_bayou_shore_a, infiniplex_staircase_pool
Swamp:1:  layout_basic_swamp, evilmike_swamp_ruin_house_6, swamp_pool4,
          ldierk_geyser, worms_lemuel
Snake:1:  nicolae_snake_crotalidae_crossing, layout_chambers
Snake:2:  layout_concentric_octagons, minmay_shoptagon, grunt_megastairs_4,
          serial_bayou_shore_b
Snake:3:  nicolae_cobra_stairs, layout_grid_maze, drop_trap,
          nicolae_snake_mages_go_home, uniq_louise
Snake:4:  grunt_snake_rune_serpentine_throne, layout_misc_corridors,
          serial_shops, nicolae_shop_window_shopping, nicolae_shop_trees,
          nicolae_shop_stone, shop, nicolae_shop_trees, nicolae_shop_clearance,
          serial_bayou_shore_b
Orc:1:    cheibrodos_orc_arena, layout_caves, serial_shops, nicolae_shop_trees,
          uniq_gastronok, uniq_fannar
Orc:2:    pf_orc_diabolical, layout_caves, minmay_orc_treasury, uniq_azrael

Skill      XL: |  1  2  3  4  5  6  7  8  9 10 11 12 13 14 15 16 17 18 |
---------------+-------------------------------------------------------+-----
Spellcasting   | 3 4 5 6 8 10 11 12 13 14 15 16 17 18 | 18.0
Fighting       | 3 |  3.9
Armour         | 2 3 4 6 8 10 | 10.6
Dodging        | 4 5 8 9 11 | 11.7
Shields        | 2 5 8 10 | 10.0
Short Blades   | 4 5 |  5.9
Maces & Flails | 3 5 6 |  6.8
Stealth        | |  1.5

Action                   |  1- 3 |  4- 6 |  7- 9 | 10-12 | 13-15 | 16-18 || total
-------------------------+-------+-------+-------+-------+-------+-------++-------
Melee: Dagger            |    11 |    52 |    98 |   322 |   116 |    40 ||   639
       Scimitar          |       |       |       |    35 |    20 |       ||    55
 Cast: Foxfire           |    69 |   144 |   210 |   301 |     2 |       ||   726
       Ensorcelled Hiber |       |     2 |     2 |    23 |       |       ||    27
       Sandblast         |       |       |     3 |       |       |       ||     3
       Airstrike         |       |       |       |    70 |   253 |   269 ||   592
       Metabolic Englaci |       |       |       |    73 |    86 |   137 ||   296
       Fireball          |       |       |       |       |   237 |   167 ||   404
       Summon Mana Viper |       |       |       |       |     3 |       ||     3
       Sticky Flame      |       |       |       |       |    13 |       ||    13
       Starburst         |       |       |       |       |       |    45 ||    45
       Death Channel     |       |       |       |       |       |    23 ||    23
Invok: Curse Item        |       |       |     1 |     7 |     3 |       ||    11
       Shatter the Chain |       |       |       |     1 |     1 |     1 ||     3
Evoke: Wand              |       |       |       |     3 |       |       ||     3
  Use: Potion            |       |       |       |     2 |     1 |       ||     3
       Scroll            |       |       |       |       |     3 |     1 ||     4
 Stab: Sleeping          |       |     1 |     1 |     9 |     2 |       ||    13
Armor: Robe              |     9 |     5 |       |       |       |       ||    14
       Animal skin       |       |    21 |    68 |    90 |       |       ||   179
       Troll leather arm |       |       |       |     1 |    63 |    37 ||   101
Dodge: Dodged            |    18 |    36 |    82 |   178 |    80 |    65 ||   459
Block: Other             |       |       |       |    34 |       |       ||    34
       Reflection        |       |       |       |     4 |       |       ||     4
       Kite shield       |       |       |       |   157 |   129 |    99 ||   385
       Rpst.: Scimitar   |       |       |       |    13 |       |       ||    13

Table legend: (Time is in decaauts)
 A = Elapsed time spent in this place.
 B = Non-inter-level travel time spent in this place.
 C = Inter-level travel time spent in this place.
 D = Time resting spent in this place.
 E = Time spent auto-exploring this place.
 F = Levels seen in this place.
 G = Mean time per level.
                   A        B        C        D        E       F      G
               +--------+--------+--------+--------+--------+-----+--------+
         Total |  35050 |  32998 |   2052 |   6839 |  17522 |  26 | 1348.1 |
       Dungeon |  19122 |  18175 |    947 |   3207 |  11333 |  14 | 1365.9 |
          Lair |   8958 |   8237 |    721 |   2745 |   3638 |   5 | 1791.6 |
         Swamp |      9 |      9 |      0 |      0 |      0 |   1 |    9.0 |
     Snake Pit |   4399 |   4156 |    243 |    394 |   1939 |   4 | 1099.8 |
  Orcish Mines |   2559 |   2419 |    140 |    493 |    612 |   2 | 1279.5 |
               +--------+--------+--------+--------+--------+-----+--------+

Top non-repeatable levels by time:
  Lair:1: 4217 daAuts
    D:11: 2486 daAuts
     D:2: 1795 daAuts
     D:1: 1783 daAuts
  Lair:2: 1728 daAuts
    D:10: 1551 daAuts
     D:4: 1525 daAuts
   Orc:2: 1521 daAuts
     D:3: 1512 daAuts
     D:7: 1449 daAuts
     D:5: 1439 daAuts
 Snake:1: 1342 daAuts
     D:8: 1301 daAuts
 Snake:3: 1280 daAuts
  Lair:4: 1270 daAuts
